AoeStats
← TTPK4506

Arena

510036958Analyzed
4v4 RM · 2d ago on Sep 29, 2026· 41m 40s· 8 players
Game mode
Random Map
Map size
Large (8 player)
Population
200
Speed
Normal
Resources
Standard
Victory
Conquest
Starting age
Dark Age
Ending age
Imperial Age
RankedLock teamsTeams togetherTeam positionsShared explorationLock speedFull tech treeHidden civsTurbo modeCheats
Victory
Defeat
🇨🇳 Teutons · China
1138
+13
🇭🇰 Goths · Hong Kong SAR China
1127
+14
🇵🇪 Tatars · Peru
1049
+39
1024
+19
🇲🇽 Varangians · Mexico
1098
-17
🇨🇳 Magyars · China
1074
-16
🇲🇽 Persians · Mexico
1069
-15
🇪🇨 Spanish · Ecuador
1059
-15
likelisi017
10:43 Feudal Age
16:47 Castle Age
14:38 Double-Bit Axe
15:06 Horse Collar
17:35 Loom
18:08 Bow Saw
18:01 Heavy Plow
19:39 Wheelbarrow
23:30 Stone Mining
26:07 Hand Cart
27:17 Fletching
28:10 Gold Mining
28:27 Husbandry
28:38 Bloodlines
29:10 Corvinian Army
29:12 Bodkin Arrow
31:46 Gold Shaft Mining
34:29 Imperial Age
32:20 Crossbowman
33:41 Murder Holes
Sistematico
9:52 Loom
11:46 Feudal Age
12:35 Double-Bit Axe
16:49 Castle Age
23:25 Scale Mail Armor
25:14 Wheelbarrow
24:25 Town Watch
24:32 Horse Collar
26:55 Heavy Plow
27:23 Bow Saw
27:05 Gold Mining
27:06 Stone Mining
28:03 Hand Cart
28:25 Fervor
32:36 Imperial Age
30:12 Squires
29:58 Gambesons
29:59 Arson
30:26 Forging
32:13 Hand Cart
33:39 Chain Mail Armor
33:12 Capped Ram
35:16 Plate Mail Armor
35:22 Iron Casting
34:10 Gothikon
36:32 Elite Varangian Guard
39:20 Blast Furnace
40:04 Two-Man Saw
39:48 Pikeman
40:50 Fletching
41:58 Crop Rotation
Huesped Maldito
11:32 Feudal Age
12:25 Double-Bit Axe
12:22 Horse Collar
18:28 Castle Age
18:48 Wheelbarrow
17:59 Town Watch
18:00 Loom
22:19 Bloodlines
27:31 Heavy Plow
28:51 Gold Mining
31:56 Imperial Age
30:36 Fletching
30:47 Padded Archer Armor
31:11 Kamandaran
31:43 Husbandry
33:36 Chemistry
32:00 Crossbowman
32:47 Bodkin Arrow
33:07 Leather Archer Armor
33:15 Thumb Ring
34:11 Cavalier
37:15 Bow Saw
37:37 Crop Rotation
38:56 Heavy Camel Rider
39:21 Light Cavalry
40:14 Forging
40:09 Scale Barding Armor
Pato
10:47 Feudal Age
11:30 Loom
14:50 Castle Age
15:55 Loom
17:08 Double-Bit Axe
17:29 Horse Collar
22:54 Wheelbarrow
24:35 Hand Cart
25:00 Bow Saw
25:07 Heavy Plow
29:34 Imperial Age
26:52 Town Watch
28:26 Bloodlines
28:16 Husbandry
28:28 Forging
28:27 Scale Barding Armor
28:30 Town Patrol
28:55 Gold Mining
30:09 Iron Casting
29:57 Chain Barding Armor
29:36 Cavalier
31:30 Chemistry
30:42 Fortified Wall
31:17 Conscription
32:15 Two-Man Saw
32:43 Plate Barding Armor
33:12 Blast Furnace
33:09 Paladin
34:51 Fletching
37:16 Bodkin Arrow
38:36 Pikeman
39:01 Gambesons
39:16 Squires
39:01 Arson
39:18 Scale Mail Armor
39:20 Bracer
39:24 Padded Archer Armor
40:03 Supremacy
39:51 Halberdier
40:50 Leather Archer Armor
Jling.YYC
0:29 Loom
11:08 Feudal Age
11:51 Double-Bit Axe
12:28 Horse Collar
16:21 Castle Age
14:46 Stone Mining
16:00 Scale Mail Armor
15:58 Gold Mining
20:54 Town Watch
22:41 Heavy Plow
24:20 Forging
29:16 Imperial Age
27:00 Pikeman
27:42 Squires
28:44 Iron Casting
28:26 Chain Mail Armor
29:16 Anarchy
30:23 Wheelbarrow
31:24 Crop Rotation
31:07 Bow Saw
34:10 Blast Furnace
32:34 Man-at-Arms
37:53 Long Swordsman
37:54 Halberdier
TTPK4506
10:17 Feudal Age
11:59 Wheelbarrow
14:49 Castle Age
12:55 Double-Bit Axe
13:24 Horse Collar
14:22 Fletching
21:54 Bodkin Arrow
26:36 Bow Saw
31:26 Imperial Age
29:14 Hand Cart
28:46 Loom
28:57 Gold Mining
31:08 Ballistics
31:22 Bloodlines
31:14 Husbandry
31:18 Padded Archer Armor
31:58 Gold Shaft Mining
32:25 Bracer
34:50 Chemistry
34:54 Leather Archer Armor
34:55 Heavy Cavalry Archer
38:07 Ring Archer Armor
38:21 Conscription
38:25 Capped Ram
39:58 Siege Ram
42:16 Heavy Plow
Will Troll If Not Arena
10:05 Feudal Age
11:04 Double-Bit Axe
14:00 Castle Age
11:41 Horse Collar
15:11 Bow Saw
17:25 Wheelbarrow
22:34 Hand Cart
24:07 Loom
24:08 Town Watch
27:17 Imperial Age
25:01 Heavy Plow
26:58 Scale Barding Armor
26:53 Scale Mail Armor
27:04 Forging
28:12 Chain Barding Armor
28:07 Chain Mail Armor
28:41 Conscription
28:19 Stirrups
27:45 Elite Konnik
29:03 Iron Casting
29:25 Husbandry
29:36 Bloodlines
29:28 Squires
29:13 Arson
30:24 Plate Mail Armor
30:29 Plate Barding Armor
30:56 Blast Furnace
30:28 Plate Mail Armor
29:49 Fletching
30:22 Ballistics
30:13 Masonry
31:04 Chemistry
29:59 Murder Holes
31:08 Siege Engineers
32:23 Architecture
31:31 Pikeman
31:57 Gambesons
35:03 Bodkin Arrow
35:44 Crop Rotation
36:49 Town Patrol
36:50 Bracer
新手玩玩
2:58 Loom
10:58 Feudal Age
11:39 Double-Bit Axe
11:36 Horse Collar
13:12 Gold Mining
17:03 Castle Age
15:39 Stone Mining
16:02 Fletching
18:43 Bow Saw
19:34 Bodkin Arrow
20:19 Heavy Plow
21:10 Squires
22:21 Arson
23:46 Gambesons
27:31 Fortified Wall
28:05 Scale Mail Armor
29:14 Masonry
32:12 Wheelbarrow
32:11 Town Watch
37:34 Imperial Age
35:39 Ironclad
35:45 Forging
35:51 Chain Mail Armor
37:13 Iron Casting
37:04 Ballistics
37:05 Hand Cart
39:19 Plate Mail Armor
38:45 Capped Ram
41:51 Conscription
41:52 Crenellations
Connection lost

Rejoining the realm…

Still unreachable

The connection could not be restored.

Session expired

The server has moved on; the page needs a fresh start.